 Dungeon Crawl Stone Soup version 0.25-a0-308-geac79542e2 (webtiles) character file.

Game seed: 593038614598119402, levelgen mode: deterministic

8165 RedPan the Grappler (level 11, -10/102 HPs)
             Began as a Troll Monk on Dec 22, 2019.
             Was a High Priest of Okawaru.
             Mangled by an ogre
             ... wielding a +0 giant club
              (22 damage)
             ... on level 10 of the Dungeon.
             The game lasted 00:14:17 (7855 turns).

RedPan the Grappler (Troll Monk)                    Turns: 7855, Time: 00:14:17

Health: -10/102    AC:  6    Str: 26    XL:     11   Next: 6%
Magic:  14/14      EV: 11    Int:  6    God:    Okawaru [*****.]
Gold:   589        SH:  0    Dex: 12    Spells: 10/10 levels left

rFire    . . .     SeeInvis +     - Unarmed
rCold    + + .     Gourm    +   (no shield)
rNeg     . . .     Faith    .   a - +0 robe "Ifrorr" {rC++ Str-2 Slay+6 SInv}
rPois    .         Spirit   .   i - +0 hat
rElec    .         Reflect  .   (no cloak)
rCorr    .         Harm     .   (gloves unavailable)
MR       .....                  (boots unavailable)
Stlth    ++........             r - amulet of magic regeneration
HPRegen  0.67/turn              y - +3 ring of slaying
MPRegen  0.39/turn              k - +4 ring of strength

@: no status effects
A: large, unfitting armour, claws 3, fast metabolism 3, gourmand, regeneration
1, shaggy fur 1, tough skin 3
a: Heroism, Finesse, Renounce Religion


You were on level 10 of the Dungeon.
You worshipped Okawaru.
Okawaru was extremely pleased with you.
You were very full.

You visited 1 branch of the dungeon, and saw 11 of its levels.

You collected 589 gold pieces.

Inventory:

Armour
 a - the +0 robe "Ifrorr" (worn) {rC++ Str-2 Slay+6 SInv}
   (Okawaru gifted it to you on level 10 of the Dungeon)

   It affects your strength (-2).
   It affects your accuracy and damage with ranged weapons and melee attacks
   (+6).
   It greatly protects you from cold.
   It lets you see invisible.
 i - a +0 hat (worn)
 p - a +0 shield
 B - a +2 robe
Jewellery
 k - a +4 ring of strength (right claw)
 r - an amulet of magic regeneration (around neck)
 y - a +3 ring of slaying (left claw)
Wands
 w - a wand of iceblast (16)
 C - a wand of polymorph (6)
Scrolls
 d - a scroll of enchant armour
 e - 4 scrolls of teleportation
 f - 2 scrolls of identify
 g - 2 scrolls of amnesia
 v - 4 scrolls of remove curse
Potions
 c - 5 potions of lignification
 h - a potion of heal wounds
 j - a potion of curing
 l - a potion of cancellation
 m - a potion of magic
 n - a potion of agility
 o - a potion of haste
 q - a potion of might
 s - a potion of brilliance
 t - a potion of resistance
 u - a potion of ambrosia
Miscellaneous
 z - a box of beasts
Comestibles
 b - 21 rations


   Skills:
 - Level 5.0 Fighting
 + Level 3.4 Armour
 - Level 3.0 Dodging
 - Level 1.0 Stealth
 + Level 4.3 Shields
 - Level 13.0 Unarmed Combat
 - Level 6.0 Invocations


You had 10 spell levels left.
You didn't know any spells.
Your spell library contained the following spells:

 Spells                   Type           Power        Failure   Level  Hunger
 Foxfire                  Conj/Fire      #...         45%         1    ##.....
 Magic Dart               Conj           #...         45%         1    ##.....
 Blink                    Tloc           N/A          58%         2    ###....
 Call Imp                 Summ           #.......     58%         2    ###....
 Slow                     Hex            #.......     58%         2    ###....
 Conjure Flame            Conj/Fire      #.......     83%         3    ####...
 Inner Flame              Hex/Fire       #.......     83%         3    ####...
 Mephitic Cloud           Conj/Pois/Air  #.......     83%         3    ####...
 Ozocubu's Armour         Chrm/Ice       #.......     83%         3    ####...
 Sticky Flame             Conj/Fire      #.......     99%         4    #####..
 Fireball                 Conj/Fire      #.........   100%        5    ######.
 Deflect Missiles         Chrm/Air       #.........   100%        6    #######


Dungeon Overview and Level Annotations

Branches:
Dungeon (11/15)            Temple (0/1) D:6
   Lair: D:8-11         Orc: D:9-12

Altars:
Dithmenos
Elyvilon
Fedhas
Gozag
Hepliaklqana
Makhleb
Okawaru
Sif Muna
Trog
Uskayaw
Wu Jian
Xom
Zin
The Shining One

Shops:
D:10 (

Annotations:
D:7 3 runed translucent doors, hemabe's ghost, novice HuAr


Innate Abilities, Weirdness & Mutations

You are too large for most types of armour.
You have claws for hands.
Your metabolism is lightning-fast.
You like to eat raw meat.
Your natural rate of healing is unusually fast.
You are covered in fur. (AC +1)
You have extremely tough skin. (AC +3)


Message History

The bullfrog is severely wounded.
The bullfrog hits you. The iguana bites you!
* * * LOW HITPOINT WARNING * * *
You miss the bullfrog.
The bullfrog is heavily wounded.
The bullfrog hits you but does no damage.
The ogre hits you with a +0 giant club!
* * * LOW HITPOINT WARNING * * *
Unknown command.
You scratch the bullfrog.
The bullfrog is severely wounded.
The bullfrog hits you but does no damage.
The iguana barely misses you. The bullfrog hits you!
* * * LOW HITPOINT WARNING * * *
Unknown command.
You mangle the bullfrog!!
You kill the bullfrog!
Okawaru accepts your kill.
The ogre hits you with a +0 giant club!!
You die...

........#....................#.#.
#########....................###.
.................................
..............################...
..............#..........>...#...
(......#####..#..............#...
.......#...#..#..............#...
#####..#...#..#.lO...........#...
....#..#...+..#.@............#...
....#..#...#..##'#############...
....#..#...#.....................
....#..#...#.....................
.......#.........................
.##..#..#..#.....########........
##..###...###....#......#........
.....#.....#..####......#........
........................#........


You could see an ogre and an iguana.

Vanquished Creatures
  Josephine (D:10)
  Pikel (D:7)
  A hornet (D:8)
  3 hippogriffs
  Sigmund (D:6)
  3 wraiths (D:10)
  2 wyverns (D:8)
  A steam dragon (D:10)
  Menkaure (D:6)
  Edmund (D:6)
  An ice beast (D:10)
  A sky beast (D:10)
  3 orc warriors (D:10)
  2 slaves (D:7)
  4 black bears
  A phantom (D:5)
  A necrophage (D:10)
  10 ogres
  2 centaurs
  2 crocodiles
  4 bullfrogs
  A gnoll sergeant (D:8)
  9 killer bees (D:8)
  3 scorpions
  4 wights (D:6)
  6 howler monkeys
  2 crimson imps
  2 bullfrog zombies (D:9)
  2 centaur zombies
  2 jellies
  3 orc priests
  8 hounds
  A bullfrog skeleton (D:5)
  3 orc wizards
  A centaur skeleton (D:4)
  3 iguanas
  5 worker ants
  A hound zombie (D:7)
  4 adders
  17 gnolls
  5 shadow imps
  An adder zombie (D:9)
  2 worms (D:3)
  3 dart slugs
  6 leopard geckos
  24 orcs
  6 giant cockroaches
  8 goblins
  8 hobgoblins
  3 jackals (D:5)
  4 quokkas
  A ball python (D:1)
  13 bats
  5 frilled lizards
  9 kobolds
  9 rats
230 creatures vanquished.

Notes
Turn   | Place    | Note
-------+----------+-------------------------------------------
     0 | D:1      | RedPan the Troll Monk began the quest for the Orb.
     0 | D:1      | Reached XP level 1. HP: 22/22 MP: 0/0
    70 | D:1      | Reached XP level 2. HP: 24/29 MP: 1/1
   534 | D:2      | Reached XP level 3. HP: 36/36 MP: 2/2
   617 | D:2      | Found a blossoming altar of Fedhas.
   740 | D:2      | Found a shadowy altar of Dithmenos.
   850 | D:2      | Found an iron altar of Okawaru.
   903 | D:2      | Became a worshipper of Warmaster Okawaru
   903 | D:2      | Reached * piety under Okawaru
   903 | D:2      | Reached ** piety under Okawaru
  1115 | D:3      | Reached XP level 4. HP: 45/45 MP: 3/3
  1254 | D:3      | Reached skill level 4 in Unarmed Combat
  1257 | D:3      | Found a glowing golden altar of the Shining One.
  1627 | D:4      | Noticed a +0 hand axe
  1628 | D:4      | Found a hide-covered altar of Uskayaw.
  1628 | D:4      | Noticed a +0 hand axe
  1652 | D:4      | Reached skill level 1 in Invocations
  1767 | D:4      | Reached XP level 5. HP: 52/53 MP: 3/5
  1799 | D:4      | Identified Nouje's Disquisition on Augmentations
  1875 | D:4      | Noticed an ogre
  1881 | D:4      | Killed an ogre
  1881 | D:4      | Reached skill level 5 in Unarmed Combat
  2002 | D:4      | Found a shimmering altar of Xom.
  2002 | D:4      | Found a shimmering altar of Xom.
  2002 | D:4      | Found a shimmering altar of Xom.
  2003 | D:4      | Found a shimmering altar of Xom.
  2072 | D:4      | Reached XP level 6. HP: 61/61 MP: 6/6
  2409 | D:5      | Entered Level 5 of the Dungeon
  2470 | D:5      | Reached skill level 6 in Unarmed Combat
  2475 | D:5      | Reached *** piety under Okawaru
  2475 | D:5      | Reached XP level 7. HP: 43/67 MP: 4/8
  2482 | D:5      | Reached skill level 7 in Unarmed Combat
  2604 | D:5      | Found a glowing golden altar of the Shining One.
  2632 | D:5      | Found a bloodstained altar of Trog.
  2672 | D:5      | Noticed an angel
  2695 | D:5      | Found a burning altar of Makhleb.
  2784 | D:5      | Found a glowing silver altar of Zin.
  2786 | D:5      | Found a shimmering altar of Xom.
  2792 | D:5      | Found a shimmering blue altar of Sif Muna.
  3083 | D:6      | Noticed Sigmund
  3105 | D:6      | Killed Sigmund
  3201 | D:6      | Reached XP level 8. HP: 75/75 MP: 10/10
  3226 | D:6      | Reached **** piety under Okawaru
  3226 | D:6      | Reached skill level 8 in Unarmed Combat
  3353 | D:6      | Noticed Menkaure
  3367 | D:6      | Killed Menkaure
  3392 | D:6      | Noticed Edmund
  3404 | D:6      | Killed Edmund
  3404 | D:6      | Reached skill level 5 in Invocations
  3479 | D:6      | Found a staircase to the Ecumenical Temple.
  3505 | D:6      | Reached skill level 9 in Unarmed Combat
  4025 | D:7      | Reached XP level 9. HP: 81/81 MP: 12/12
  4141 | D:7      | Found a runed translucent gate.
  4141 | D:7      | Found a runed translucent gate.
  4141 | D:7      | Found a runed translucent gate.
  4141 | D:7      | Noticed hemabe's ghost (novice HuAr)
  4142 | D:7      | Noticed a two-headed ogre
  4182 | D:7      | Reached skill level 10 in Unarmed Combat
  4277 | D:7      | Found an opulent altar of Gozag.
  4435 | D:7      | Found a hazy altar of Hepliaklqana.
  4505 | D:7      | Reached ***** piety under Okawaru
  4717 | D:7      | Noticed Pikel
  4734 | D:7      | Killed Pikel
  4903 | D:8      | Reached skill level 11 in Unarmed Combat
  4984 | D:8      | Reached skill level 1 in Shields
  5413 | D:8      | Reached XP level 10. HP: 55/94 MP: 13/13
  5754 | D:8      | Received a gift from Okawaru
  5757 | D:8      | HP: 3/94 [poisoned by a killer bee]
  6068 | D:8      | Reached skill level 5 in Fighting
  6228 | D:9      | Reached skill level 12 in Unarmed Combat
  6248 | D:9      | Reached skill level 1 in Armour
  6390 | D:9      | Found an ornate altar of the Wu Jian Council.
  6402 | D:9      | Found a white marble altar of Elyvilon.
  6491 | D:9      | Found a shadowy altar of Dithmenos.
  6599 | D:10     | Entered Level 10 of the Dungeon
  6964 | D:10     | Noticed Josephine
  7000 | D:10     | Killed Josephine
  7190 | D:10     | Found Vaful's Weapon Boutique.
  7219 | D:10     | Received a gift from Okawaru
  7220 | D:10     | Got a creamy pearl robe {god gift}
  7231 | D:10     | Identified the +0 robe "Ifrorr" {rC++ Str-2 Slay+6 SInv}
                  | (Okawaru gifted it to you on level 10 of the Dungeon)
  7369 | D:10     | Reached XP level 11. HP: 73/102 MP: 14/14
  7485 | D:10     | Reached skill level 13 in Unarmed Combat
  7845 | D:11     | Noticed a red ugly thing
  7855 | D:10     | Mangled by an ogre

Levels and vault maps discovered:
D:1:      dpeg_arrival_erosion, layout_basic
D:2:      layout_basic, lemuel_round_altar, okawaru_gym_becter, fedhas_altar_1
D:3:      layout_basic, lemuel_doored_altar, first_ration
D:4:      minmay_octagon_keep, layout_loops_ring, dancing_weapons_uskayaw,
          xom_redecorated
D:5:      layout_basic, grunt_temple_overflow_order_and_chaos_1, bloody_trog,
          overflow_temple_1_default, lemuel_crystal_altar,
          hangedman_abyss_or_decor_jellyfish_corner, tso_metal_star
D:6:      layout_basic, minmay_temple_entry_drinking_statues, uniq_edmund,
          uniq_menkaure, uniq_sigmund
D:7:      layout_loops_corners, kennysheep_mini, overflow_temple_1_default,
          gammafunk_ghost_split, grunt_ogre_cave, uniq_pikel
D:8:      layout_rooms
D:9:      layout_cross, amethyst_overflow_temple_binary, grunt_dithmenos_smoke
D:10:     layout_irregular_city, serial_shops, nicolae_shop_waterfront,
          minmay_strange_pillars, uniq_josephine
D:11:     layout_rooms, due_lair_maze_entry_diamond, enter_bailey_2, uniq_fannar

Skill      XL: |  1  2  3  4  5  6  7  8  9 10 11 |
---------------+----------------------------------+-----
Dodging        | 3 |  3.0
Fighting       | 3 4 5 |  5.0
Unarmed Combat | 4 5 6 7 9 11 12 13 | 13.0
Invocations    | 1 2 3 4 5 6 |  6.0
Shields        | 2 4 |  4.3
Armour         | 3 |  3.4
Stealth        | |  1.0

Action                   |  1- 3 |  4- 6 |  7- 9 | 10-12 || total
-------------------------+-------+-------+-------+-------++-------
Melee: Unarmed           |   115 |    89 |   189 |   193 ||   586
       Punch             |       |     1 |     8 |    11 ||    20
Invok: Heroism           |       |     1 |     3 |     2 ||     6
  Use: Scroll            |     9 |     4 |     6 |     3 ||    22
       Potion            |       |       |     1 |     3 ||     4
 Stab: Sleeping          |     6 |       |       |       ||     6
  Eat: Chunk             |    16 |    12 |    27 |    21 ||    76
Armor: Robe              |    47 |    24 |    36 |    62 ||   169
Dodge: Dodged            |    55 |    41 |    85 |   162 ||   343

Table legend:
 A = Non-vault XP
 B = Vault XP
 C = Vault XP percentage of total XP
 D = Non-vault monster count
 E = Vault monster count
 F = Vault count percentage of total count
                 A         B        C        D         E       F
            +---------+---------+-------+---------+---------+-------
      Total |    8568 |    3097 |  26.5 |     217 |      11 |   4.8
            +---------+---------+-------+---------+---------+-------
        D:1 |      39 |       0 |   0.0 |      22 |       0 |   0.0
        D:2 |      24 |       0 |   0.0 |      15 |       0 |   0.0
        D:3 |      59 |       0 |   0.0 |      30 |       0 |   0.0
        D:4 |     226 |      69 |  23.4 |      10 |       2 |  16.7
        D:5 |     693 |       0 |   0.0 |      15 |       0 |   0.0
        D:6 |    1099 |     554 |  33.5 |      23 |       3 |  11.5
        D:7 |     617 |     795 |  56.3 |      19 |       2 |   9.5
        D:8 |    2795 |       0 |   0.0 |      40 |       0 |   0.0
        D:9 |     165 |       0 |   0.0 |       9 |       0 |   0.0
       D:10 |    2848 |    1679 |  37.1 |      33 |       4 |  10.8
       D:11 |       3 |       0 |   0.0 |       1 |       0 |   0.0
            +---------+---------+-------+---------+---------+-------
